 Dungeon Crawl Stone Soup version 0.18.1-48-g4cf74bf (webtiles) character file.

1048 Galewin the Shield-Bearer (level 8, -4/79 HPs)
             Began as a Troll Fighter on July 7, 2016.
             Was a Follower of Dithmenos.
             Slain by a decayed bog body (18 damage)
             ... in an ossuary.
             The game lasted 00:13:51 (3463 turns).

Galewin the Shield-Bearer (Troll Fighter)           Turns: 3463, Time: 00:13:51

Health: -4/79      AC:  5    Str: 27    XL:     8   Next: 5%
Magic:  7/7        EV:  9    Int:  4    God:    Dithmenos [*.....]
Gold:   288        SH: 11    Dex:  9    Spells: 0 memorised, 7 levels left

rFire  . . .     SeeInvis +     a - +1 war axe
rCold  . . .     Gourm    +     b - +0 robe
rNeg   . . .     Faith    .     c - +1 shield
rPois  .         Spirit   .     (helmet restricted)
rElec  .         Dismiss  .     (no cloak)
rCorr  .         Reflect  .     (gloves unavailable)
SustAt .         Harm     .     (boots unavailable)
MR     .....                    (no amulet)
Stlth  +.........               (no ring)
                                k - ring of see invisible

@: hasted and slowed, wreathed by umbra, not resistant to hostile enchantments,
very unstealthy
A: unfitting armour, claws 3, fast metabolism 3, gourmand, regeneration 2,
shaggy fur 1, tough skin 2
a: Renounce Religion


You were in an ossuary.
You worshipped Dithmenos.
Dithmenos was aware of your devotion.
You were full.

You visited 1 branch of the dungeon, and saw 5 of its levels.
You also visited: Ossuary.

You collected 288 gold pieces.

Inventory:

Hand Weapons
 a - a +1 war axe (weapon)
Armour
 b - a +0 robe (worn)
 c - a +1 shield (worn)
Jewellery
 k - a ring of see invisible (left claw)
Wands
 n - a wand of paralysis (1/24)
 t - a wand of flame (35/48)
Scrolls
 j - a scroll of recharging
 o - 2 scrolls of immolation {unknown}
 q - a scroll of remove curse {unknown}
 r - 3 scrolls of identify
 u - a scroll of teleportation {unknown}
 v - a scroll of blinking {unknown}
 w - a scroll of fog {unknown}
Potions
 d - a potion of might
 h - a potion of flight {unknown}
 l - 2 potions of degeneration
 m - a potion of heal wounds
 s - a potion of resistance {unknown}
Comestibles
 f - 5 bread rations
 g - 5 fruits
 i - 3 beef jerkies
 p - a slice of pizza


   Skills:
 * Level 4.5 Fighting
 * Level 4.2 Axes
 + Level 4.0 Dodging
 * Level 5.0 Shields


You had 7 spell levels left.
You didn't know any spells.

Dungeon Overview and Level Annotations

Branches:
Dungeon (5/15)
 Temple: D:4-7

Altars:
Dithmenos
Fedhas
Kikubaaqudgha
Xom
The Shining One


Innate Abilities, Weirdness & Mutations

You are too large for most types of armour.
You have claws for hands.
Your metabolism is lightning-fast.
You like to eat raw meat.
You heal very quickly.
You are covered in fur (AC +1).
You have very tough skin (AC +2).


Message History

The decayed bog body touches you.
* * * LOW HITPOINT WARNING * * *
The decayed bog body freezes you!
* * * LOW HITPOINT WARNING * * *
Eat which item? (? for menu, Esc to quit)
Okay, then.
Read which item? (? for menu, Esc to quit)
As you read the scroll labeled MEATHOEGGA, it crumbles to dust.
It is a scroll of recharging.
Charge which item? (? for menu, Esc to quit)
Your wand of flame glows for a moment.
You block the decayed bog body's attack.
The decayed bog body barely misses you.
Evoke which item? (* to show all) (? for menu, Esc to quit)
Really evoke
t - a wand of flame {recharged}?
This could place you under penance!
Evoke which item? (* to show all) (? for menu, Esc to quit)
Okay, then.
Drink which item? (? for menu, Esc to quit)
You feel yourself speed up. The decayed bog body hits you!!
You die...

##### #.#.# #
###'#'#'#'#+# #.≈ # #≈
#.'..@†...... ≈.≈ ≈ ≈≈
###.##n##'##+ #Z##≈ ≈≈
#.'.# ..# #≈+P##≈
###.# ..### #.#≈#≈##
#.'.# ..#.# #.+P#≈≈≈
###.#####≈#####≈#≈≈≈≈#
#.'.....≈≈≈≈≈≈≈≈'.≈≈#
###.#####≈#####.#≈##≈≈
#.'.# #.#∩..#≈'P# #


You could see a decayed bog body.

Vanquished Creatures
  Sigmund (D:3)
  4 bog bodies (Ossuary)
  A howler monkey (D:4)
  A crimson imp (D:5)
  3 giant frog zombies (Ossuary)
  2 centaur zombies (Ossuary)
  An orc priest (D:4)
  A giant frog skeleton (D:5)
  Jessica (D:2)
  Ijyb (D:2)
  3 worker ants (D:4)
  2 hound zombies (Ossuary)
  5 mummies (Ossuary)
  3 worker ant zombies (Ossuary)
  Robin (D:2)
  7 adders
  An ooze (D:1)
  An adder skeleton (D:4)
  2 adder zombies (Ossuary)
  2 worms
  A dart slug (D:3)
  13 orcs
  A bat zombie (D:4)
  5 giant cockroaches
  12 goblins
  16 hobgoblins
  8 jackals
  A quokka (D:3)
  9 bats
  A giant cockroach zombie (Ossuary)
  4 giant newts
  10 kobolds
  A quokka zombie (Ossuary)
  8 rats
133 creatures vanquished.

Notes
Turn   | Place    | Note
--------------------------------------------------------------
     0 | D:1      | Galewin the Troll Fighter began the quest for the Orb.
     0 | D:1      | Reached XP level 1. HP: 22/22 MP: 0/0
   177 | D:1      | Reached XP level 2. HP: 29/29 MP: 1/1
   621 | D:1      | Reached XP level 3. HP: 35/36 MP: 2/2
  1038 | D:2      | Noticed Jessica
  1052 | D:2      | Killed Jessica
  1097 | D:2      | Reached XP level 4. HP: 44/44 MP: 3/3
  1184 | D:2      | Noticed Ijyb
  1190 | D:2      | Killed Ijyb
  1250 | D:2      | Reached skill level 3 in Shields
  1253 | D:2      | Noticed Robin
  1261 | D:2      | Killed Robin
  1353 | D:2      | Reached XP level 5. HP: 52/53 MP: 4/4
  1454 | D:2      | Found a shimmering altar of Xom.
  1667 | D:2      | Found a blossoming altar of Fedhas.
  1717 | D:3      | Found a glowing golden altar of the Shining One.
  1861 | D:3      | Noticed Sigmund
  1879 | D:3      | Killed Sigmund
  1879 | D:3      | Reached XP level 6. HP: 27/62 MP: 5/5
  2403 | D:4      | Reached skill level 4 in Shields
  2573 | D:4      | Found a shadowy altar of Dithmenos.
  2579 | D:4      | Became a worshipper of Dithmenos the Shadowed
  2657 | D:4      | Found an ancient bone altar of Kikubaaqudgha.
  3005 | D:4      | Reached XP level 7. HP: 52/68 MP: 6/6
  3198 | D:5      | Entered Level 5 of the Dungeon
  3236 | D:5      | Found a sand-covered staircase.
  3244 | Ossuary  | Entered an ossuary
  3299 | Ossuary  | Reached * piety under Dithmenos
  3435 | Ossuary  | Reached skill level 5 in Shields
  3435 | Ossuary  | Reached XP level 8. HP: 67/79 MP: 7/7
  3463 | Ossuary  | Slain by a decayed bog body

Skill      XL: |  1  2  3  4  5  6  7  8 |
---------------+-------------------------+-----
Axes           | 2 3 4 |  4.2
Fighting       | 3 4 |  4.5
Shields        | 3 4 5 |  5.0
Dodging        | 3 4 |  4.0

Action                   |  1- 3 |  4- 6 |  7- 9 || total
-------------------------+-------+-------+-------++-------
Melee: War axe           |    99 |   251 |   131 ||   481
  Use: Scroll            |     3 |     5 |     1 ||     9
       Potion            |     2 |     4 |     1 ||     7
 Stab: Sleeping          |       |     2 |       ||     2
  Eat: Chunk             |    14 |    15 |     8 ||    37
Armor: Robe              |    34 |    76 |    25 ||   135
Dodge: Dodged            |    53 |    92 |    56 ||   201
Block: Shield            |    64 |   151 |    78 ||   293
